 Dungeon Crawl Stone Soup version 0.26.1-11-gd32895ea62 (webtiles) character file.

Game seed: 17485389494826330857

1178 jlumianski the Grasshopper (level 8, 0/52 (64) HPs)
             Began as a Gnoll Warper on July 22, 2021.
             Was a Follower of Qazlal.
             Killed from afar by Maggie (19 damage)
             ... with a bolt of fire
             ... on level 6 of the Dungeon.
             The game lasted 00:32:06 (6511 turns).

jlumianski the Grasshopper (Gnoll Warper)           Turns: 6511, Time: 00:32:07

HP:   0/52 (64)     AC:  8    Str: 13    XL:     8   Next: 41%
MP:   12/17         EV: 13    Int: 18    God:    Qazlal [*.....]
Gold: 257           SH:  1    Dex: 15    Spells: 11/19 levels left

rFire    . . .     SeeInvis .   i - +2 hand axe (elec)
rCold    . . .     Faith    .   (no shield)
rNeg     . . .     Spirit   .   f - +0 ring mail
rPois    .         Reflect  .   (no helmet)
rElec    .         Harm     .   (no cloak)
rCorr    .         Rampage  .   l - +0 pair of gloves
Will     .....                  j - +0 pair of boots
Stlth    ++........             (no amulet)
HPRegen  0.17/turn              w - ring of wizardry
MPRegen  0.15/turn              (no ring)

@: heavily drained
A: distributed training, fangs 1, strong nose
a: Renounce Religion


You were on level 6 of the Dungeon.
You worshipped Qazlal.
Qazlal was aware of your devotion.
You visited 2 branches of the dungeon, and saw 7 of its levels.
You also visited: Sewer.

You collected 345 gold pieces.
You spent 88 gold pieces at shops.

Inventory:

Hand Weapons
 a - a +0 hand axe
 i - a +2 hand axe of electrocution (weapon)
 s - a +2 dagger of draining
 x - a +0 scimitar
 B - a +0 shortbow
Missiles
 e - 5 boomerangs of dispersal
 k - 43 bolts
 m - 74 stones
 u - 81 arrows
 E - 4 boomerangs (quivered)
 F - 13 sling bullets
Armour
 b - a +0 leather armour
 f - a +0 ring mail (worn)
 j - a +0 pair of boots (worn)
 l - a +0 pair of gloves (worn)
 A - the +0 pair of gloves "Byll" {-Cast rElec Stlth+}
   (You found it on level 5 of the Dungeon)

   It insulates you from electricity.
   It prevents spellcasting.
   It makes you more stealthy.
Magical Staves
 r - an uncursed staff of poison {unknown}
Jewellery
 g - an uncursed ring of ice
 w - a ring of wizardry (left hand)
Wands
 p - a wand of flame (13)
 v - a wand of digging (6)
 G - a wand of enslavement (13)
Scrolls
 c - 9 scrolls of identify
 d - 4 scrolls of blinking
 n - a scroll of remove curse
 y - 3 scrolls of enchant weapon
 C - 2 scrolls of teleportation
 D - a scroll of vulnerability {unknown}
Potions
 h - 3 potions of attraction
 o - 2 potions of flight
 z - a potion of magic {unknown}


   Skills:
 + Level 5.6 Fighting
 + Level 3.2 Short Blades
 + Level 3.2 Long Blades
 + Level 5.6 Axes
 + Level 3.2 Maces & Flails
 + Level 3.2 Polearms
 + Level 3.2 Staves
 + Level 3.2 Slings
 + Level 3.2 Bows
 + Level 3.2 Crossbows
 + Level 4.2 Throwing
 + Level 4.2 Armour
 + Level 5.6 Dodging
 + Level 3.2 Stealth
 + Level 3.2 Shields
 + Level 3.2 Unarmed Combat
 + Level 6.0 Spellcasting
 + Level 2.6 Conjurations
 + Level 2.6 Hexes
 + Level 2.6 Summonings
 + Level 2.6 Necromancy
 + Level 6.1 Translocations
 + Level 2.6 Transmutations
 + Level 2.6 Fire Magic
 + Level 2.6 Ice Magic
 + Level 2.6 Air Magic
 + Level 2.6 Earth Magic
 + Level 2.6 Poison Magic
 + Level 3.5 Invocations
 + Level 3.2 Evocations


You had 11 spell levels left.
You knew the following spells:

 Your Spells              Type           Power        Failure   Level
a - Blink                 Tloc           N/A          1%          2
b - Gell's Gravitas       Tloc           13%          2%          3
c - Mephitic Cloud        Conj/Pois/Air  15%          10%         3

Your spell library contained the following spells:

 Spells                   Type           Power        Failure   Level
 Lesser Beckoning         Tloc           13%          2%          3
 Teleport Other           Tloc           27%          2%          3
 Poisonous Vapours        Pois/Air       30%          4%          2
 Passage of Golubria      Tloc           N/A          9%          4
 Conjure Flame            Conj/Fire      15%          10%         3
 Freezing Cloud           Conj/Ice/Air   7%           99%         6


Dungeon Overview and Level Annotations

Branches:
Dungeon (6/15)             Temple (1/1) D:5           Sewer (visited)

Altars:
Ashenzari
Cheibriados
Fedhas
Hepliaklqana
Kikubaaqudgha
Qazlal
Ru
Trog
Vehumet
Wu Jian
Xom
Yredelemnul
Zin

Shops:
D:4 (

Annotations:
D:6 Maggie


Innate Abilities, Weirdness & Mutations

Your experience applies equally to all skills.
You have very sharp teeth.
Your uncanny sense of smell can sniff out nearby items.


Message History

Press: ? - help, Shift-Dir - straight line, p - Maggie The ball explodes into a vile cloud!
The stinking cloud engulfs Maggie but does no damage.
Maggie is severely wounded.
Aiming: Throw Flame
Press: ? - help, Shift-Dir - straight line, f - Maggie
Aim: Maggie, wielding a +2 long sword of draining and wearing +2 swamp dragon scales (noxious fumes, severely wounded, 25% to evade)
The puff of flame hits Maggie but does no damage.
Maggie is severely wounded.
Throw: 4 boomerangs
Press: ? - help, Q - select action, (/) - cycle Shift-Dir - straight line, f/p - Maggie
Aim: Maggie, wielding a +2 long sword of draining and wearing +2 swamp dragon scales (noxious fumes, severely wounded, 66% to hit)
You throw a boomerang.
The boomerang hits Maggie but does no damage.
Maggie is severely wounded.
You hit Maggie but do no damage.
Maggie is severely wounded.
Maggie gestures at you while chanting. The bolt of fire hits you!!
You die...

∆ ###...........>..........
###.################.#.
#......#.....#<....[.
######.#.###.#####..# .#...#...#
# #.#.###.#......# .#...#....#.#
#.#...#.#.####.# ....#.....#.
#.###.#.#.# #..# .#.#.......
#####.....#.#.# #...
......#...####..@###.#.#.#.######
...#.#....#.##.@.'.......#.##[.).
............##...##....#.....)###
#..#........°.○..+............###
#..........°.°..##...........#..
###....#............####.....#.#
# ###.##......####...........#.#
# #.##........##......####.#.# #
#.##.#.#..#.##<.......##.#.#


You could see Maggie.

Vanquished Creatures
  Menkaure (D:4)
  2 phantoms
  2 black bears (D:6)
  A centaur (D:5)
  A bullfrog (Sewer)
  A scorpion (D:6)
  A hound (D:5)
  An orc priest (D:6)
  Ijyb (D:4)
  Jessica (D:2)
  An iguana (D:5)
  4 orc wizards
  A worker ant (D:6)
  10 adders
  2 white imps (D:6)
  An ufetubus (D:6)
  3 adder skeletons
  5 worms
  2 dart slugs
  6 leopard geckos
  18 orcs
  8 ball pythons
  11 giant cockroaches
  3 goblins
  4 hobgoblins
  5 jackals
  7 bats
  7 frilled lizards
  6 kobolds
  3 rats
119 creatures vanquished.

Notes
Turn   | Place    | Note
-------+----------+-------------------------------------------
     0 | D:1      | jlumianski the Gnoll Warper began the quest for the Orb.
     0 | D:1      | Reached XP level 1. HP: 20/20 MP: 6/6
   287 | D:1      | Reached XP level 2. HP: 23/26 MP: 7/7
   290 | D:1      | Learned a level 2 spell: Blink
   642 | D:1      | Reached XP level 3. HP: 31/31 MP: 9/9
   655 | D:1      | Reached skill level 5 in Spellcasting
   899 | D:2      | Noticed Jessica
   904 | D:2      | Killed Jessica
   905 | D:2      | Reached skill level 1 in Short Blades
   905 | D:2      | Reached skill level 1 in Long Blades
   905 | D:2      | Reached skill level 1 in Maces & Flails
   905 | D:2      | Reached skill level 1 in Polearms
   905 | D:2      | Reached skill level 1 in Staves
   905 | D:2      | Reached skill level 1 in Slings
   905 | D:2      | Reached skill level 1 in Bows
   905 | D:2      | Reached skill level 1 in Crossbows
   905 | D:2      | Reached skill level 1 in Stealth
   905 | D:2      | Reached skill level 1 in Shields
   905 | D:2      | Reached skill level 1 in Unarmed Combat
   905 | D:2      | Reached skill level 1 in Invocations
   905 | D:2      | Reached skill level 1 in Evocations
   905 | D:2      | Reached XP level 4. HP: 29/38 MP: 11/11
  1484 | D:2      | Learned a level 3 spell: Gell's Gravitas
  1592 | D:2      | Reached skill level 1 in Conjurations
  1592 | D:2      | Reached skill level 1 in Hexes
  1592 | D:2      | Reached skill level 1 in Summonings
  1592 | D:2      | Reached skill level 1 in Necromancy
  1592 | D:2      | Reached skill level 1 in Transmutations
  1592 | D:2      | Reached skill level 1 in Fire Magic
  1592 | D:2      | Reached skill level 1 in Ice Magic
  1592 | D:2      | Reached skill level 1 in Air Magic
  1592 | D:2      | Reached skill level 1 in Earth Magic
  1592 | D:2      | Reached skill level 1 in Poison Magic
  1816 | D:3      | Found a glowing drain.
  1856 | Sewer    | Entered a sewer
  2140 | Sewer    | Reached XP level 5. HP: 43/43 MP: 12/12
  2937 | D:3      | Reached XP level 6. HP: 50/50 MP: 13/13
  3486 | D:4      | Noticed Ijyb
  3503 | D:4      | Killed Ijyb
  3571 | D:4      | Found Tudgh's Antique Weapon Shoppe.
  3584 | D:4      | Reached skill level 5 in Fighting
  3584 | D:4      | Reached skill level 5 in Axes
  3584 | D:4      | Reached skill level 5 in Dodging
  3611 | D:4      | Noticed a phantom
  3696 | D:3      | Killed a phantom
  3697 | D:3      | Reached XP level 7. HP: 20/56 MP: 15/15
  3995 | D:4      | Bought a scimitar for 88 gold pieces
  4035 | D:4      | Noticed Menkaure
  4051 | D:4      | Killed Menkaure
  4668 | D:5      | Entered Level 5 of the Dungeon
  4708 | D:5      | Found a sacrificial altar of Ru.
  4788 | D:5      | Found a staircase to the Ecumenical Temple.
  4800 | D:5      | Got a pair of ichor-stained gloves
  4805 | Temple   | Entered the Ecumenical Temple
  4884 | Temple   | Became a worshipper of Qazlal Stormbringer
  5105 | D:5      | Identified the +0 pair of gloves "Byll" {-Cast rElec
                  | Stlth+} (You found it on level 5 of the Dungeon)
  5175 | D:5      | HP: 2/56 [something (5)]
  5966 | D:6      | Learned a level 3 spell: Mephitic Cloud
  5977 | D:6      | Reached XP level 8. HP: 46/63 MP: 12/16
  6258 | D:6      | Found a broken altar of Ashenzari.
  6263 | D:6      | Reached * piety under Qazlal
  6291 | D:6      | Noticed Maggie
  6511 | D:6      | Killed from afar by Maggie

Illustrated notes

Levels and vault maps discovered:
D:1:      dpeg_arrival_arbitrary_c, layout_basic, fountainhead
D:2:      layout_loops_ring, uniq_jessica
D:3:      layout_loops_ring, cheibrodos_sewer_entry_sluice
D:4:      layout_basic, serial_shops, nicolae_shop_window_shopping,
          kennysheep_nondescript, uniq_ijyb, uniq_menkaure
D:5:      layout_basic, minmay_temple_entry_junction_2, basic_altar
D:6:      layout_basic, evilmike_ruin_ashenzari, gammafunk_temple_overflow_claw,
          kennysheep_decorative_pillar, hangedman_decor_opposing,
          hangedman_decor_lopped, uniq_sigmund, uniq_maggie
Temple:   hc_temple_tempest_star

Skill      XL: |  1  2  3  4  5  6  7  8 |
---------------+-------------------------+-----
Spellcasting   | 5 6 |  6.0
Short Blades   | 1 2 3 |  3.2
Long Blades    | 1 2 3 |  3.2
Maces & Flails | 1 2 3 |  3.2
Polearms       | 1 2 3 |  3.2
Staves         | 1 2 3 |  3.2
Slings         | 1 2 3 |  3.2
Bows           | 1 2 3 |  3.2
Crossbows      | 1 2 3 |  3.2
Stealth        | 1 2 3 |  3.2
Shields        | 1 2 3 |  3.2
Unarmed Combat | 1 2 3 |  3.2
Invocations    | 1 2 3 |  3.5
Evocations     | 1 2 3 |  3.2
Conjurations   | 1 2 |  2.6
Hexes          | 1 2 |  2.6
Summonings     | 1 2 |  2.6
Necromancy     | 1 2 |  2.6
Transmutations | 1 2 |  2.6
Fire Magic     | 1 2 |  2.6
Ice Magic      | 1 2 |  2.6
Air Magic      | 1 2 |  2.6
Earth Magic    | 1 2 |  2.6
Poison Magic   | 1 2 |  2.6
Throwing       | 3 4 |  4.2
Armour         | 3 4 |  4.2
Fighting       | 5 |  5.6
Axes           | 5 |  5.6
Dodging        | 5 |  5.6
Translocations | 6 |  6.1

Action                   |  1- 3 |  4- 6 |  7- 9 || total
-------------------------+-------+-------+-------++-------
Melee: Hand axe          |    83 |   171 |   135 ||   389
       Bite              |     5 |    21 |    11 ||    37
       Punch             |       |     1 |     4 ||     5
 Fire: Shortbow          |       |       |     4 ||     4
Throw: Stone             |       |     7 |       ||     7
       Boomerang         |       |       |     7 ||     7
 Cast: Gell's Gravitas   |       |     2 |     3 ||     5
       Blink             |       |       |    12 ||    12
       Mephitic Cloud    |       |       |     5 ||     5
Evoke: Wand              |       |       |     3 ||     3
  Use: Scroll            |     1 |     6 |     1 ||     8
       Potion            |       |     2 |     2 ||     4
 Stab: Confused          |       |       |     2 ||     2
       Sleeping          |       |       |     1 ||     1
Armor: Ring mail         |    38 |    58 |    42 ||   138
Dodge: Dodged            |    74 |   115 |    95 ||   284
